 Dungeon Crawl Stone Soup version 0.31-a0-222-gefeffbb62a (webtiles) character file.

Game seed: 4348289362904352468

25 qw the Shield-Bearer (level 3, -2/23 HPs)
             Began as a Gargoyle Fighter on July 4, 2023.
             Slain by a cerulean imp
             ... wielding a +0 spear
             ... summoned by Natasha
              (4 damage)
             ... on level 2 of the Dungeon.
             The game lasted 00:00:34 (1286 turns).

qw the Shield-Bearer (Gargoyle Fighter)             Turns: 1286, Time: 00:00:35

Health: -2/23      AC: 10    Str: 21    XL:     3   Next: 6%
Magic:  3/3        EV:  9    Int:  8    God:
Gold:   77         SH:  4    Dex:  9    Spells: 2/2 levels left

rFire   . . .        Y - +0 war axe
rCold   . . .        c - +0 buckler
rNeg    + . .        b - +0 scale mail
rPois   inf          (no helmet)
rElec   +            (no cloak)
rCorr   .            (no gloves)
SInv    .            (no boots)
Will    .....        (no amulet) Stlth
                     (no ring)
HPRegen 0.23/turn    (no ring)
MPRegen 0.08/turn

%: no passive effects
@: about to teleport, slowed, very slow
A: sickness immunity, AC +3, negative energy resistance 1, electricity
resistance, torment resistance 1, petrification resistance
a: no special abilities


You were on level 2 of the Dungeon.
You visited 1 branch of the dungeon, and saw 2 of its levels.

You collected 77 gold pieces.


Innate Abilities, Weirdness & Mutations

You are immune to sickness and miasma.
Your stone body is resilient. (AC +3)
You are immune to poison.
You resist negative energy. (rN+)
You are resistant to electric shocks. (rElec)
You are resistant to unholy torment.
You are immune to petrification.


   Skills:
 - Level 3.2 Fighting
 + Level 3.1 Axes
 - Level 3.2 Armour
 - Level 3.2 Shields


You had 2 spell levels left.
You didn't know any spells.
Your spell library was empty.

Inventory:

Hand Weapons
 j - a +0 club
 Y - a +0 war axe (weapon)
Armour
 b - a +0 scale mail (worn)
 c - a +0 buckler (worn)
Scrolls
 i - 4 scrolls of identify
Potions
 d - a potion of might

Dungeon Overview and Level Annotations

Branches:
Dungeon (2/15)

Altars:

Shops:
D:1 :

Annotations:
D:2 Natasha


Message History

Natasha claws you but does no damage.
The cerulean imp hits you but does no damage.
Natasha stares at you and mumbles some strange words.
The magic dart hits you.
The cerulean imp hits you but does no damage.
You block Natasha's attack.
You barely miss Natasha.
Natasha is heavily wounded.
You barely miss the cerulean imp. The cerulean imp barely misses you.
Natasha growls.
Natasha closely misses you. You block the cerulean imp's attack.
Natasha claws you but does no damage.
You closely miss Natasha.
Natasha is heavily wounded.
You barely miss the cerulean imp. The cerulean imp barely misses you.
Natasha casts a spell.
You block the cerulean imp's attack.
The cerulean imp hits you but does no damage.
Natasha barely misses you.
You barely miss Natasha.
Natasha is heavily wounded.
You closely miss the cerulean imp. You barely miss the cerulean imp.
The cerulean imp closely misses you.
The cerulean imp hits you from afar with a +1 spear.
Natasha closely misses you.
The cerulean imp hits you with a +0 spear.
The cerulean imp hits you but does no damage. x2
Natasha claws you!
The cerulean imp hits you but does no damage.
The cerulean imp misses you.
1286 ||| READING scroll of teleportation.
As you read the scroll of teleportation, it crumbles to dust.
You feel strangely unstable.
The cerulean imp disappears in a puff of smoke!
The cerulean imp hits you from afar with a +1 spear.
Natasha mumbles some strange words.
The cerulean imp hits you with a +0 spear.
You die...

##.###.#.###.#. #######
#.# #.#....... .%%.%.% #.#
#.###.###. .......
##+###.# #.# #. 8..%..%
##...##.###[###. ..%...^
##.....#......... .....%.
#.......####.#.##
.8.8.8.##5.......###....#
......5h@5......(+.......
....####.ยค.......###....#
. ##.......## #.#.##
##.....## #.### ##...##
#.# ########'## #.#
..........# #.#
#.######..# #.# ##..###
#.#


You could see Natasha and 3 cerulean imps.

Vanquished Creatures
  4 ball pythons
  A bat (D:1)
  4 endoplasms
  A goblin (D:1)
  5 hobgoblins
  2 kobolds
  A quokka (D:2)
  3 rats
21 creatures vanquished.

Notes
Turn   | Place    | Note
-------+----------+-------------------------------------------
     0 | D:1      | qw the Gargoyle Fighter began the quest for the Orb.
     0 | D:1      | Reached XP level 1. HP: 14/14 MP: 1/1
     0 | D:1      | 0 ||| qw: Version: 0.3-a-46-gb1f654a
     0 | D:1      | 0 ||| qw: Game counter: 901
     0 | D:1      | 0 ||| qw: Melee chars always use a shield: true
     0 | D:1      | 0 ||| qw: God list: Okawaru
     0 | D:1      | 0 ||| qw: Allow faded altars: false
     0 | D:1      | 0 ||| qw: Do Orc after clearing Dungeon:15 true
     0 | D:1      | 0 ||| qw: Do second Lair branch before Depths: true
     0 | D:1      | 0 ||| qw: Lair rune preference: random
     0 | D:1      | 0 ||| qw: Goals: Normal, Zot:1-4, Slime:5, God:TSO, Crypt,
                  | Tomb, Abyss, Pan, Hells, Win
     0 | D:1      | 0 ||| PLANNING D:1-11
    48 | D:1      | Found Vaemmah's Book Shoppe.
   137 | D:1      | Reached XP level 2. HP: 19/19 MP: 2/2
   699 | D:1      | 699 ||| READING scroll labelled LOUTABE VUOJI.
   700 | D:1      | 700 ||| READING scroll labelled TAYHIP WEM YGETIFI.
   705 | D:1      | 705 ||| READING scroll labelled WESTI LIRPHITU.
   806 | D:1      | 806 ||| READING scroll labelled YRHEB KEAD.
   807 | D:1      | 807 ||| READING 4 scrolls labelled ZITWAO HIYSTI.
   808 | D:1      | 808 ||| READING scroll labelled COUBLE LISAQUX.
   809 | D:1      | 809 ||| READING scroll labelled SUCHUPH HEZE.
  1006 | D:2      | Reached skill level 3 in Axes
  1126 | D:2      | Reached XP level 3. HP: 23/23 MP: 3/3
  1171 | D:2      | 1171 ||| Stepping ~*~*~tactically~*~*~ (hiding).
  1173 | D:2      | 1173 ||| Stepping ~*~*~tactically~*~*~ (hiding).
  1268 | D:2      | Noticed Natasha
  1269 | D:2      | 1269 ||| Stepping ~*~*~tactically~*~*~ (hiding).
  1270 | D:2      | 1270 ||| Stepping ~*~*~tactically~*~*~ (hiding).
  1285 | D:2      | HP: 4/23 [Natasha (7)]
  1286 | D:2      | 1286 ||| READING scroll of teleportation.
  1286 | D:2      | Slain by a cerulean imp

Levels and vault maps discovered:
D:1:      ncdulo_watergridlock, layout_basic, serial_shops, shop
D:2:      layout_loops_corners, shapermc_ecumenical_altar_pompeii,
          minmay_misc_feat_square, uniq_natasha

Skill      XL: |  1  2 |
---------------+-------+-----
Axes           | 2 3 |  3.1
Fighting       | |  3.2
Armour         | |  3.2
Shields        | |  3.2

Action                     || total
---------------------------++-------
  Melee: War axe           ||    80
    Use: Scroll            ||     8
 Armour: Scale mail        ||    45
  Dodge: Dodged            ||    45
  Block: Buckler           ||    19

Table legend:
 A = Non-vault XP
 B = Vault XP
 C = Vault XP percentage of total XP
 D = Non-vault monster count
 E = Vault monster count
 F = Vault count percentage of total count
                 A         B        C        D         E       F
            +---------+---------+-------+---------+---------+-------
      Total |      37 |       0 |   0.0 |      21 |       0 |   0.0
            +---------+---------+-------+---------+---------+-------
        D:1 |      21 |       0 |   0.0 |      11 |       0 |   0.0
        D:2 |      16 |       0 |   0.0 |      10 |       0 |   0.0
            +---------+---------+-------+---------+---------+-------
